 Dungeon Crawl Stone Soup version 0.17.1-2-g5865329 (webtiles) character file.

35 seren the Digger (level 3, -4/19 HPs)
             Began as a Gargoyle Earth Elementalist on Jan 29, 2016.
             Slain by a gnoll
             ... wielding a +0 club
              (6 damage)
             ... on level 2 of the Dungeon.
             The game lasted 00:12:34 (2502 turns).

seren the Digger (Gargoyle Earth Elementalist)      Turns: 2502, Time: 00:12:35

Health: -4/19      AC:  5    Str: 11    XL:     3   Next: 35%
Magic:  1/7        EV: 12    Int: 16    God:
Gold:   134        SH:  0    Dex: 10    Spells: 1 memorised, 6 levels left

rFire  . . .     SeeInvis .     l - +0 whip
rCold  + . .     Clarity  .     a - +0 robe
rNeg   + . .     SustAt   .     (no shield)
rPois  ∞         Gourm    .     (no helmet)
rElec  +         Spirit   .     (no cloak)
rCorr  .         Warding  .     (no gloves)
rMut   .         Stasis   .     (no boots)
MR     .....                    (no amulet)
Stlth  ++........               (no ring)
                                e - ring of protection from cold

@: not resistant to hostile enchantments, unstealthy
A: negative energy resistance 1, electricity resistance, unbreathing,
petrification resistance, rot immunity, AC +3
a: no special abilities


You were on level 2 of the Dungeon.
You were hungry.

You visited 1 branch of the dungeon, and saw 3 of its levels.

You collected 134 gold pieces.

Inventory:

Hand Weapons
 h - a +0 dagger
 l - a +0 whip (weapon)
Missiles
 b - 32 stones (quivered)
Armour
 a - a +0 robe (worn)
Jewellery
 e - a ring of protection from cold (left hand)
Scrolls
 g - a scroll of immolation {unknown}
 i - a scroll of random uselessness {unknown}
 j - 3 scrolls of identify {unknown}
 p - 3 scrolls of remove curse {unknown}
 r - a scroll of blinking {unknown}
Potions
 n - a potion of lignification {unknown}
 q - a potion of ambrosia {unknown}
 s - a potion of heal wounds {unknown}
Books
 c - a book of Geomancy

   Spells                             Type                      Level
   a - Sandblast                      Earth                        1
   b - Stoneskin                      Transmutation/Earth          2
   c - Passwall                       Transmutation/Earth          3
   d - Stone Arrow                    Conjuration/Earth            3
   e - Petrify                        Transmutation/Earth          4
   f - Lee's Rapid Deconstruction     Earth                        5
Comestibles
 d - 2 bread rations
 f - a meat ration
 k - a royal jelly
 m - 2 fruits
 o - a beef jerky
 t - a slice of pizza


   Skills:
 - Level 1.5 Dodging
 - Level 2.1 Stealth
 * Level 2.7 Spellcasting
   Level 0.7 Transmutations
 + Level 4.4 Earth Magic


You had 6 spell levels left.
You knew the following spells:

 Your Spells              Type           Power        Failure   Level  Hunger
a - Sandblast             Erth           ###...       3%          1    #......


Dungeon Overview and Level Annotations

Branches:
Dungeon (3/15)

Altars:

Annotations:
D:2 Robin


Innate Abilities, Weirdness & Mutations

You are resistant to torment.
Your stone body is resilient (AC +3).
You are immune to poison.
You resist negative energy.
You are resistant to electric shocks.
You can survive without breathing.
You are immune to petrification.
You are immune to rotting.


Message History

The blast of sand misses the gnoll.
The gnoll hits you with a club.
* * * LOW HITPOINT WARNING * * *
Casting: Sandblast
Confirm with . or Enter, or press ? or * to list all spells.
Aiming: Sandblast
Press: ? - help, Shift-Dir - straight line, f/p - gnoll
Aim: a gnoll, wielding a club (heavily wounded)
The blast of sand hits the gnoll.
The gnoll is heavily wounded.
Casting: Sandblast
Confirm with . or Enter, or press ? or * to list all spells.
Aiming: Sandblast
Press: ? - help, Shift-Dir - straight line, f/p - gnoll
Aim: a gnoll, wielding a club (heavily wounded)
The blast of sand hits the gnoll.
The gnoll is heavily wounded.
The gnoll hits you with a club.
* * * LOW HITPOINT WARNING * * *
The gnoll hits you with a club.
You die...

#....# #...'........
#....# #...#........
###....# ##'########'#
#......####.# #......
#...###.....# #......
#...# #.....# #......
#...# #.....# #.)....
#...###.....# #####.#
#...g@......# #..
#.####......# ###
#.####......##########
#.##......#...#.......
#.##.#.##.#.#.#.......
#.............#.......
#.##.#.##.#.###.......
#..>...##.#.# #..)....
#..#...##.#.##########


You could see a gnoll.

Vanquished Creatures
  2 giant cockroaches
  10 goblins
  5 hobgoblins
  A jackal (D:2)
  5 bats
  A giant gecko (D:2)
  6 kobolds
  3 rats
33 creatures vanquished.

Notes
Turn   | Place    | Note
--------------------------------------------------------------
     0 | D:1      | seren the Gargoyle Earth Elementalist began the quest for the Orb.
     0 | D:1      | Reached XP level 1. HP: 10/10 MP: 3/3
   394 | D:1      | Reached skill level 4 in Earth Magic
   614 | D:1      | Reached XP level 2. HP: 10/15 MP: 0/5
  1453 | D:2      | Noticed Robin
  1704 | D:2      | Reached XP level 3. HP: 19/19 MP: 6/6
  2502 | D:2      | Slain by a gnoll

Action                   || total
-------------------------++-------
Melee: Unarmed           ||    13
       Dagger            ||     2
       Whip              ||    51
Throw: Stone             ||     2
 Cast: Sandblast         ||    58
  Eat: Chunk             ||     5
